 Dungeon Crawl Stone Soup version 0.19-a0-1697-g0595f0e (webtiles) character file.

365 Amnesiac the Chopper (level 6, 0/56 HPs)
             Began as a Hill Orc Monk on Sept 26, 2016.
             Was an Elder of Dithmenos.
             Splashed by a hobgoblin's acid (12 damage)
             ... on level 4 of the Dungeon.
             The game lasted 00:05:28 (4381 turns).

Amnesiac the Chopper (Hill Orc Monk)                Turns: 4381, Time: 00:05:29

Health: 0/56       AC:  8    Str: 15    XL:     6   Next: 68%
Magic:  6/6        EV:  5    Int: 10    God:    Dithmenos [****..]
Gold:   216        SH:  0    Dex: 14    Spells: 0 memorised, 5 levels left

rFire  . . .     SeeInvis .     a - +0 hand axe
rCold  . . .     Gourm    .     f - +0 plate armour
rNeg   . . .     Faith    .     (no shield)
rPois  .         Spirit   .     (no helmet)
rElec  .         Dismiss  .     (no cloak)
rCorr  .         Reflect  .     (no gloves)
MR     .....     Harm     .     (no boots)
Stlth  ..........               (no amulet)
                                (no ring)
                                (no ring)

@: corroded, wreathed by umbra
A: no striking features
a: Shadow Step, Renounce Religion


You were on level 4 of the Dungeon.
You worshipped Dithmenos.
Dithmenos was greatly pleased with you.
You were very hungry.

You visited 1 branch of the dungeon, and saw 4 of its levels.
You also visited: Sewer.

You collected 216 gold pieces.

Inventory:

Hand Weapons
 a - a +0 hand axe (weapon)
Armour
 f - a +0 plate armour (worn)
Scrolls
 e - a scroll of blinking
 h - a scroll of amnesia {unknown}
 k - a scroll of noise {unknown}
 l - 7 scrolls of teleportation {unknown}
 m - 3 scrolls of magic mapping
Potions
 g - 2 potions of resistance {unknown}
 i - a potion of heal wounds {unknown}
 j - a potion of brilliance {unknown}
Comestibles
 b - a royal jelly
 c - 6 bread rations
 n - a meat ration
 o - a slice of pizza


   Skills:
 + Level 5.0 Fighting
 * Level 6.9 Axes
 + Level 2.7 Armour
 + Level 3.4 Dodging
 - Level 1.5 Stealth


You had 5 spell levels left.
You didn't know any spells.

Dungeon Overview and Level Annotations

Branches:
Dungeon (4/15)
 Temple: D:4-7

Altars:
Dithmenos
Kikubaaqudgha
Uskayaw
Yredelemnul


Message History

The hobgoblin shouts!
You hit the howler monkey.
You kill the howler monkey!
Dithmenos accepts your kill.
The hobgoblin zaps a wand.
The bolt of acid misses you.
It is a wand of acid.
The hobgoblin zaps a wand.
The bolt of acid hits you!
You are splashed with acid!
The acid burns!
You closely miss the hobgoblin. The hobgoblin completely misses you.
You closely miss the hobgoblin.
The hobgoblin hits you but does no damage.
You hit the hobgoblin but do no damage. The hobgoblin hits you with a club.
You hit the hobgoblin but do no damage.
Your shadow hits the hobgoblin with a hand axe.
Unknown command.
You hit the hobgoblin but do no damage.
The hobgoblin is moderately wounded.
The hobgoblin zaps a wand.
The bolt of acid hits you!
* * * LOW HITPOINT WARNING * * *
The acid corrodes you!
You are splashed with acid!
The acid burns!
You die...

.. .. .# . #.# # ##..#
# ##....# ## ..... .##
#... ##...# ..## #...#
##g..# <..## ##...#
##.@..# ....###...#
#)....# ..........#
##.....## .........#
##.......#
.........###.......$##
####......#>.........#
# ###..........###...#
# ###........# #.!.#
##......## ...#


You could see a hobgoblin.

Vanquished Creatures
  A howler monkey (D:4)
  2 orc priests (D:4)
  2 orc wizards (D:4)
  An iguana (D:4)
  2 river rats
  4 adders
  An ooze (D:1)
  An adder skeleton (D:4)
  4 dart slugs
  4 worms
  3 leopard geckos
  6 orcs
  4 ball pythons
  5 giant cockroaches
  9 goblins
  13 hobgoblins
  A quokka (D:3)
  9 bats
  17 frilled lizards
  9 kobolds
  19 rats
117 creatures vanquished.

Notes
Turn   | Place    | Note
-------+----------+-------------------------------------------
     0 | D:1      | Amnesiac the Hill Orc Monk began the quest for the Orb.
     0 | D:1      | Reached XP level 1. HP: 19/19 MP: 1/1
   105 | D:1      | Reached XP level 2. HP: 25/27 MP: 2/2
   335 | D:2      | Reached skill level 1 in Armour
   388 | D:2      | Reached XP level 3. HP: 30/33 MP: 3/3
   653 | D:2      | Found a shadowy altar of Dithmenos.
   681 | D:2      | Became a worshipper of Dithmenos the Shadowed
   681 | D:2      | Reached * piety under Dithmenos
   681 | D:2      | Reached ** piety under Dithmenos
  1373 | D:2      | Reached XP level 4. HP: 39/40 MP: 4/4
  1390 | D:2      | Reached skill level 5 in Axes
  1974 | D:3      | Found a basalt altar of Yredelemnul.
  1996 | D:3      | Reached *** piety under Dithmenos
  2251 | D:3      | HP: 1/41 [river rat (7)]
  2261 | D:3      | Reached XP level 5. HP: 20/47 MP: 5/5
  2292 | D:3      | Found a glowing drain.
  2296 | Sewer    | Entered a sewer
  3217 | D:3      | Reached skill level 6 in Axes
  3381 | D:3      | Reached **** piety under Dithmenos
  3453 | D:3      | Found a hide-covered altar of Uskayaw.
  3453 | D:3      | Found an ancient bone altar of Kikubaaqudgha.
  3660 | D:4      | Reached XP level 6. HP: 10/53 MP: 6/6
  4122 | D:4      | Reached skill level 5 in Fighting
  4381 | D:4      | Splashed by a hobgoblin's acid

Vault maps used:
D:1:      grunt_arrival_crossed_arrows, columned_hall_lemuel, hex_large
D:2:      overflow_temple_1_default
D:3:      gammafunk_temple_overflow_pools, lemuel_doored_altar,
          gup_sewer_entry_bowl, first_bread
Sewer:    sewer_co_cracked_pipes

Skill      XL: |  1  2  3  4  5  6 |
---------------+-------------------+-----
Armour         | 1 2 |  2.7
Fighting       | 4 5 |  5.0
Axes           | 5 6 |  6.9
Dodging        | 3 |  3.4
Stealth        | |  1.5

Action                   |  1- 3 |  4- 6 || total
-------------------------+-------+-------++-------
Melee: Hand axe          |   172 |   380 ||   552
  Use: Scroll            |     6 |       ||     6
       Potion            |       |     3 ||     3
  Eat: Chunk             |     2 |     9 ||    11
Armor: Plate armour      |   114 |   231 ||   345
       Skin              |       |     5 ||     5
Dodge: Dodged            |    41 |    90 ||   131
